 Dungeon Crawl Stone Soup version 0.22.0-1-g6561e4c (webtiles) character file.

1534 Defined the Skirmisher (level 8, -6/73 HPs)
             Began as a Hill Orc Fighter on Aug 13, 2018.
             Killed from afar by an electric eel (12 damage)
             ... with a bolt of electricity
             ... on level 7 of the Dungeon.
             The game lasted 00:15:36 (5771 turns).

Defined the Skirmisher (Hill Orc Fighter)           Turns: 5771, Time: 00:15:37

Health: -6/73      AC: 15    Str: 21    XL:     8   Next: 86%
Magic:  8/8        EV:  4    Int:  8    God:
Gold:   86         SH: 10    Dex: 10    Spells: 7/7 levels left

rFire    . . .     SeeInvis .   e - +2 flail (holy)
rCold    . . .     Gourm    .   c - +0 shield
rNeg     . . .     Faith    +   i - +0 plate armour
rPois    .         Spirit   .   s - +1 helmet
rElec    .         Reflect  .   (no cloak)
rCorr    .         Harm     .   (no gloves)
MR       .....                  (no boots)
Stlth    ..........             x - amulet of faith
HPRegen  0.22/turn              (no ring)
MPRegen  0.11/turn              (no ring)

@: no status effects
A: no striking features
a: no special abilities


You were on level 7 of the Dungeon.
You were not hungry.

You visited 1 branch of the dungeon, and saw 7 of its levels.

You collected 320 gold pieces.
You spent 234 gold pieces at shops.

Inventory:

Hand Weapons
 a - a +1 long sword
 e - a +2 flail of holy wrath (weapon)
 l - a +2 whip of electrocution
Missiles
 h - 5 curare-tipped needles
Armour
 c - a +0 shield (worn)
 i - a +0 plate armour (worn)
 s - a +1 helmet (worn)
Jewellery
 x - an amulet of faith (around neck)
Wands
 n - a wand of enslavement (6)
Scrolls
 k - 4 scrolls of teleportation
 o - 2 scrolls of enchant armour
 p - a scroll of torment {unknown}
 q - a scroll of magic mapping
 t - 7 scrolls of remove curse
 v - a scroll of fear {unknown}
Potions
 b - 2 potions of curing
 d - a potion of might
 g - 2 potions of flight
 j - a potion of agility
 m - a potion of berserk rage {unknown}
 u - 2 potions of heal wounds {unknown}
 w - 3 potions of magic {unknown}
 A - a potion of lignification {unknown}
Comestibles
 f - 13 rations


   Skills:
 + Level 7.4 Fighting
 - Level 4.8 Long Blades
 + Level 3.5 Maces & Flails
 + Level 6.7 Armour
 + Level 6.7 Shields


You had 7 spell levels left.
You didn't know any spells.
Your spell library was empty.

Dungeon Overview and Level Annotations

Branches:
Dungeon (7/15)             Temple (0/1) D:4

Altars:
Ashenzari
Kikubaaqudgha
Okawaru
Ru
Trog
Uskayaw
Yredelemnul

Shops:
D:5 *

Annotations:
D:4 Menkaure
D:5 3 runed doors, Gorglomux's ghost, amateur DsGl; Wingboner's ghost, novice TrMo; skk's ghost, novice TeGl


Message History

e - a +2 flail of holy wrath (weapon)
The electric eel shoots out a bolt of lightning at you!
The bolt of electricity hits you! x2
The electric eel shoots out a bolt of lightning at you!
The bolt of electricity hits you!
You miss the electric eel. You closely miss the electric eel.
The electric eel shoots out a bolt of lightning at you!
The bolt of electricity hits you! x2
* * * LOW HITPOINT WARNING * * *
You hit the electric eel.
The electric eel is moderately wounded.
The electric eel shoots out a bolt of lightning at you!
The bolt of electricity hits you!
* * * LOW HITPOINT WARNING * * *
The bolt of electricity hits you!
* * * LOW HITPOINT WARNING * * *
The electric eel shoots out a bolt of lightning at you!
The bolt of electricity hits you!
You die...

≈ ≈≈## #####..
≈≈≈≈## #........
≈≈≈≈≈≈#####.......#
≈≈≈≈≈≈≈≈≈##.......#
≈≈≈≈≈≈≈;.##.......#
≈≈≈≈≈≈.@.##.......#
..≈≈.....##.......#
........?.'.......#
###########..÷....##
.....>............
##########.#######
#.# #.# #..


You could see an electric eel.

Vanquished Creatures
  A sky beast (D:6)
  An ice beast (D:6)
  An orc warrior (D:6)
  A centaur (D:7)
  A phantom (D:6)
  4 ogres
  3 bullfrogs
  3 crimson imps
  A bullfrog zombie (D:7)
  A hound (D:5)
  A jelly (D:6)
  An orc wizard (D:6)
  2 worker ants
  A hound zombie (D:5)
  Robin (D:3)
  4 gnolls (D:3)
  6 adders
  2 oozes
  An adder skeleton (D:6)
  4 worms
  A dart slug (D:1)
  5 leopard geckos
  25 orcs
  6 bats
  6 giant cockroaches
  6 hobgoblins
  12 jackals
  9 kobolds
  A quokka (D:3)
  2 ball pythons
  7 frilled lizards
  12 goblins
  A quokka skeleton (D:5)
  13 rats
146 creatures vanquished.

Vanquished Creatures (others)
  4 withered plants (D:5)
4 creatures vanquished.

Grand Total: 150 creatures vanquished

Notes
Turn   | Place    | Note
-------+----------+-------------------------------------------
     0 | D:1      | Defined the Hill Orc Fighter began the quest for the Orb.
     0 | D:1      | Reached XP level 1. HP: 19/19 MP: 1/1
   164 | D:1      | Reached XP level 2. HP: 27/27 MP: 2/2
   454 | D:1      | Reached skill level 4 in Fighting
   548 | D:1      | Reached XP level 3. HP: 33/33 MP: 3/3
  1001 | D:2      | Reached XP level 4. HP: 40/40 MP: 4/4
  1487 | D:2      | Found a sacrificial altar of Ru.
  1612 | D:3      | Noticed Robin
  1632 | D:3      | Killed Robin
  1742 | D:3      | Reached XP level 5. HP: 33/47 MP: 5/5
  1959 | D:3      | Found a shattered altar of Ashenzari.
  1997 | D:3      | Noticed an ogre
  2005 | D:3      | Killed an ogre
  2005 | D:3      | Reached skill level 5 in Fighting
  2005 | D:3      | Reached XP level 6. HP: 47/56 MP: 6/6
  2748 | D:4      | Found a shattered altar of Ashenzari.
  2771 | D:4      | Noticed Menkaure
  2995 | D:4      | Found a hide-covered altar of Uskayaw.
  2998 | D:4      | Found a bloodstained altar of Trog.
  3031 | D:4      | Found an ancient bone altar of Kikubaaqudgha.
  3248 | D:4      | Found a staircase to the Ecumenical Temple.
  3571 | D:5      | Entered Level 5 of the Dungeon
  3644 | D:5      | Reached skill level 5 in Armour
  3678 | D:5      | Found a runed gate.
  3678 | D:5      | Found a runed gate.
  3678 | D:5      | Found a runed gate.
  3679 | D:5      | Noticed skk's ghost (novice TeGl)
  3679 | D:5      | Noticed Gorglomux's ghost (amateur DsGl)
  3681 | D:5      | Noticed Wingboner's ghost (novice TrMo)
  3685 | D:5      | Found Feycepoden's Assorted Antiques.
  3706 | D:5      | Reached skill level 5 in Shields
  3706 | D:5      | Reached XP level 7. HP: 50/62 MP: 7/7
  3765 | D:5      | Reached skill level 6 in Fighting
  3792 | D:5      | Bought a fine ring mail for 234 gold pieces
  3792 | D:5      | Identified the +1 ring mail of Fuegi {Dex+2 Stlth+} (You bought it in a shop on level 5 of the Dungeon)
  3811 | D:5      | Found a basalt altar of Yredelemnul.
  4498 | D:5      | Reached skill level 1 in Maces & Flails
  4665 | D:6      | Reached XP level 8. HP: 36/71 MP: 8/8
  5289 | D:6      | Reached skill level 7 in Fighting
  5601 | D:7      | Found an iron altar of Okawaru.
  5771 | D:7      | Killed from afar by an electric eel

Skill      XL: |  1  2  3  4  5  6  7  8 |
---------------+-------------------------+-----
Fighting       | 4 5 6 7 |  7.4
Long Blades    | 3 4 |  4.8
Armour         | 4 5 6 |  6.7
Shields        | 4 5 6 |  6.7
Maces & Flails | 1 3 |  3.5

Action                   |  1- 3 |  4- 6 |  7- 9 || total
-------------------------+-------+-------+-------++-------
Melee: Long sword        |   127 |   246 |    72 ||   445
       Whip              |       |       |   145 ||   145
       Flail             |       |       |    13 ||    13
  Use: Scroll            |       |     9 |     8 ||    17
       Potion            |       |       |     1 ||     1
  Eat: Chunk             |     1 |     8 |     8 ||    17
Armor: Scale mail        |    26 |       |       ||    26
       Plate armour      |    73 |   228 |   120 ||   421
Dodge: Dodged            |    25 |    45 |    35 ||   105
Block: Shield            |    97 |   162 |   117 ||   376
       Rpst.: Long sword |     9 |    18 |     5 ||    32
